[Event "Titled Tuesday Blitz March 08 Early 2022"]
[White "Kosakowski, Jakub"]
[Black "Gombocz, Ferenc Jr."]
[WhiteFideId "1185080"]
[BlackFideId "775029"]
[WhiteElo "2476"]
[BlackElo "1913"]
[Result "1/2-1/2"]
[Round "02"]
[TimeControl "180+1"]
[Date "2022.03.09"]
[WhiteClock "0:00:04"]
[BlackClock "0:00:07"]

1. e4 e5 2. Nf3 Nc6 3. Bb5 g6 4. c3 a6 5. Ba4 d6 6. d4 Bd7 7. O-O Bg7 8. Re1 Nf6 9. h3 O-O 10. Nbd2 Re8 11. Bc2 Qe7 12. Nf1 Qf8 13. Bg5 h6 14. Bd2 h5 15. Bg5 Nh7 16. Be3 Bh6 17. dxe5 Nxe5 18. Nxe5 Rxe5 19. f4 Ree8 20. f5 gxf5 21. exf5 Bxe3+ 22. Nxe3 Qh6 23. Nd5 Bc6 24. Ne7+ Rxe7 25. Rxe7 Bxg2 26. Qe2 Bc6 27. Re3 Kh8 28. Rg3 h4 29. Qe3 Qxe3+ 30. Rxe3 Rg8+ 31. Kf1 Ng5 32. Rd1 Nf3 33. Kf2 Ne5 34. Be4 Bb5 35. b3 Bd7 36. Rd4 Rg5 37. Bc2 Bxf5 38. Rxh4+ Kg7 39. Bxf5 Rxf5+ 40. Ke2 Kf8 41. Rh8+ Ke7 42. h4 Rf4 43. h5 Rg4 44. h6 Rg2+ 45. Kf1 Rxa2 46. Rh3 Ra1+ 47. Ke2 Ra2+ 48. Ke3 Ng4+ 49. Kf4 Nf6 50. h7 Rf2+ 51. Ke3 Ng4+ 52. Kd3 Ne5+ 53. Ke3 Ng4+ 54. Ke4 f5+ 55. Kd4 c5+ 56. Kd3 Ne5+ 57. Ke3 Ng4+ 58. Kd3 Ne5+ 59. Ke3 Ng4+ 60. Kd3 1/2-1/2


[Site "https://www.chess.com"]

[Event "Titled Tuesday Blitz March 08 Early 2022"]
[White "Kouskoutis, Georgios-Alexandros"]
[Black "Tabatabaei, M. Amin"]
[WhiteFideId "4234049"]
[BlackFideId "12521213"]
[WhiteElo "2130"]
[BlackElo "2544"]
[Result "0-1"]
[Round "02"]
[TimeControl "180+1"]
[Date "2022.03.08"]
[WhiteClock "0:00:01"]
[BlackClock "0:00:48"]

1. c4 e6 2. g3 d5 3. Bg2 Nf6 4. Nf3 Be7 5. O-O O-O 6. b3 d4 7. e3 c5 8. exd4 cxd4 9. d3 Nc6 10. Na3 Re8 11. Nc2 e5 12. Bg5 a5 13. Bxf6 Bxf6 14. Nd2 Be7 15. a3 f5 16. Re1 Bc5 17. Bd5+ Kh8 18. Nf3 Bd6 19. b4 Be6 20. Bxe6 Rxe6 21. Ncxd4 Nxd4 22. Nxd4 Rf6 23. Nb5 h6 24. d4 e4 25. c5 Bf8 26. Qb3 Qd7 27. Qc4 Re8 28. d5 Re5 29. Rad1 f4 30. Nc3 e3 31. fxe3 fxg3 32. Ne4 gxh2+ 33. Kh1 Qg4 34. Nd2 Qg3 35. Qe2 Rf2 36. Qd3 Qg2# 0-1


[Site "https://www.chess.com"]

[Event "Titled Tuesday Blitz March 08 Early 2022"]
[White "Kovanova, Baira"]
[Black "Thomas, Anysia"]
[WhiteFideId "4164083"]
[BlackFideId "670472"]
[WhiteElo "2190"]
[BlackElo "2002"]
[Result "1-0"]
[Round "02"]
[TimeControl "180+1"]
[Date "2022.03.09"]
[WhiteClock "0:00:34"]
[BlackClock "0:00:01"]

1. e4 c5 2. Nf3 g6 3. d3 Bg7 4. g3 Nc6 5. Bg2 h5 6. c3 e5 7. Be3 d6 8. Qd2 Nge7 9. Na3 Be6 10. h3 Rb8 11. Nc2 d5 12. Bxc5 b6 13. Ba3 Qc7 14. O-O Rd8 15. Ng5 Bc8 16. exd5 Nxd5 17. Qe2 Nce7 18. d4 O-O 19. dxe5 Bxe5 20. Rfe1 Bf6 21. Ne4 Bg7 22. Rad1 Rfe8 23. Nd6 Rxd6 24. Bxd6 Qxd6 25. Bxd5 Qf6 26. Qf3 Bf5 27. Nd4 Rd8 28. Nxf5 Nxf5 29. Be4 Rxd1 30. Rxd1 Kh7 31. Bxf5 gxf5 32. Rd5 1-0


[Site "https://www.chess.com"]

[Event "Titled Tuesday Blitz March 08 Early 2022"]
[White "Kozak, Antoni"]
[Black "Budrewicz, Krzysztof"]
[WhiteFideId "21832030"]
[BlackFideId "1127950"]
[WhiteElo "2236"]
[BlackElo "2248"]
[Result "0-1"]
[Round "02"]
[TimeControl "180+1"]
[Date "2022.03.09"]
[WhiteClock "0:00:01"]
[BlackClock "0:00:12"]

1. d4 Nf6 2. c4 g6 3. Nc3 Bg7 4. e4 d6 5. Nf3 O-O 6. h3 e5 7. d5 a5 8. Be3 Na6 9. g4 Nc5 10. Nd2 Bd7 11. Be2 Ne8 12. h4 f5 13. gxf5 gxf5 14. Qc2 f4 15. Bxc5 dxc5 16. O-O-O Nd6 17. Rdg1 Kh8 18. Bg4 Bxg4 19. Rxg4 Bf6 20. Qd1 Qe7 21. h5 Rg8 22. Rhg1 Rxg4 23. Qxg4 Qf7 24. Nb5 Nxb5 25. cxb5 Rg8 26. Qxg8+ Qxg8 27. Rxg8+ Kxg8 28. Nc4 b6 29. d6 Bd8 30. d7 Kf7 31. Nxe5+ Ke6 32. Nc6 Kxd7 33. Nxd8 Kxd8 34. Kd2 Ke7 35. f3 Ke6 36. Kd3 Ke5 37. Kc4 Kd6 38. b3 Ke5 39. a4 h6 40. Kd3 Ke6 41. Ke2 Kf6 42. Kd3 Kg5 43. e5 Kxh5 44. Ke4 Kg5 45. e6 Kf6 46. Kxf4 Kxe6 47. Kg4 Ke5 48. Kh5 Kf4 49. Kxh6 Kxf3 50. Kg6 Ke4 51. Kf6 Kd3 52. Ke6 Kc3 53. Kd7 Kxb3 54. Kxc7 c4 55. Kxb6 Kxa4 56. Ka6 c3 57. b6 c2 58. b7 c1=Q 59. b8=Q Qc6+ 60. Ka7 Qc5+ 61. Ka6 Qc4+ 62. Ka7 Ka3 63. Qf8+ Kb3 64. Qf3+ Qc3 65. Qd5+ Kb2 66. Qb5+ Ka3 67. Qf1 a4 68. Ka8 Kb2 69. Qe2+ Qc2 0-1


[Site "https://www.chess.com"]

[Event "Titled Tuesday Blitz March 08 Early 2022"]
[White "Kushko, Dmitriy"]
[Black "Mikhailov, Viacheslav"]
[WhiteFideId "14162261"]
[BlackFideId "4187369"]
[WhiteElo "2225"]
[BlackElo "2381"]
[Result "0-1"]
[Round "02"]
[TimeControl "180+1"]
[Date "2022.03.09"]
[WhiteClock "0:00:05"]
[BlackClock "0:00:23"]

1. Nf3 Nf6 2. g3 g6 3. Bg2 Bg7 4. c4 O-O 5. O-O d6 6. d4 Nc6 7. Nc3 Bf5 8. d5 Na5 9. Nd2 c5 10. e4 Bg4 11. Qc2 Qc8 12. b3 Bh3 13. Bb2 Bxg2 14. Kxg2 a6 15. Rae1 Ng4 16. h3 Ne5 17. f4 Nd7 18. Nd1 Bxb2 19. Qxb2 b5 20. e5 bxc4 21. bxc4 Qb7 22. Qc2 Qb4 23. Rf3 Nxc4 24. Rd3 Nxd2 25. Rxd2 Rab8 26. exd6 exd6 27. Ne3 Nf6 28. Nc4 Nxd5 29. Rc1 Qxc4 30. Qxc4 Ne3+ 31. Kf3 Nxc4 32. Rxc4 Rb6 33. Ke4 Re8+ 34. Kd5 Kf8 35. Rc3 Re6 36. g4 Rb4 37. f5 gxf5 38. gxf5 Rf6 39. Rf3 h5 40. Kc6 c4 41. Rxd6 Rxd6+ 42. Kxd6 Rb5 43. f6 h4 44. Rc3 Rb6+ 45. Ke5 Re6+ 46. Kf5 Rc6 47. Kg5 Ke8 48. Kxh4 Kd7 49. Kg5 Ke6 50. h4 Rc5+ 51. Kg4 Kxf6 52. h5 a5 53. a4 Kg7 54. Kh4 Kh6 55. Kg4 f6 56. Rc1 c3 57. Rc2 Kg7 58. Kh4 Kh7 59. Kg4 Kh6 60. Kf4 Kxh5 61. Ke4 Kg6 62. Kd4 Rc8 63. Rg2+ Kf7 64. Kd3 c2 0-1


[Site "https://www.chess.com"]

[Event "Titled Tuesday Blitz March 08 Early 2022"]
[White "Kuzmin, Roman"]
[Black "Van den Dikkenberg, Erik"]
[WhiteFideId "44134932"]
[BlackFideId "1005880"]
[WhiteElo "1978"]
[BlackElo "2118"]
[Result "1/2-1/2"]
[Round "02"]
[TimeControl "180+1"]
[Date "2022.03.09"]
[WhiteClock "0:00:08"]
[BlackClock "0:00:03"]

1. e4 c5 2. Nf3 d6 3. d4 cxd4 4. Nxd4 Nf6 5. Nc3 a6 6. Be2 e5 7. Nb3 Be7 8. Be3 O-O 9. g4 Be6 10. g5 Nfd7 11. Qd2 Nc6 12. O-O-O a5 13. Kb1 a4 14. Nc1 a3 15. b3 Rc8 16. Nd5 Bxd5 17. exd5 Nd4 18. c3 Nf5 19. h4 Nxe3 20. Qxe3 Qc7 21. Rh3 Nc5 22. h5 e4 23. g6 h6 24. gxf7+ Rxf7 25. Bg4 Bg5 26. Qd4 Bf6 27. Qc4 b5 28. Qe2 Nd3 29. Rhxd3 exd3 30. Rxd3 Bxc3 31. Bxc8 Qxc8 32. Qe6 Qc5 33. Qe8+ Rf8 34. Qe6+ Kh8 35. Qe3 Qxe3 36. Rxe3 Bd4 37. Re2 Rxf2 38. Rxf2 Bxf2 39. Nd3 Bd4 40. Kc2 g5 41. b4 Kg7 42. Kb3 Kf6 43. Kxa3 Kf5 44. Kb3 g4 45. a4 bxa4+ 46. Kxa4 g3 47. Ne1 Bf2 48. Ng2 Kg4 49. b5 Kf3 50. Nh4+ Kg4 51. Ng2 Kf3 52. Nh4+ Kg4 53. Ng2 1/2-1/2


[Site "https://www.chess.com"]

[Event "Titled Tuesday Blitz March 08 Early 2022"]
[White "Lauridsen, Jesper Morch"]
[Black "Bilan, Danila"]
[WhiteFideId "1401890"]
[BlackFideId "24161918"]
[WhiteElo "2264"]
[BlackElo "2164"]
[Result "1/2-1/2"]
[Round "02"]
[TimeControl "180+1"]
[Date "2022.03.09"]
[WhiteClock "0:00:08"]
[BlackClock "0:00:30"]

1. e4 c5 2. Nf3 e6 3. d4 cxd4 4. Nxd4 a6 5. Bd3 Bc5 6. Nb3 Be7 7. Qg4 Bf6 8. N1d2 d6 9. Nf3 Nc6 10. Bg5 h5 11. Qh4 b5 12. O-O-O Qb6 13. Bxf6 Nxf6 14. Qg3 O-O 15. Qxd6 Qxf2 16. Qxc6 Rb8 17. Rhf1 Qxg2 18. Rd2 Qg4 19. Qd6 Bb7 20. Qg3 Nxe4 21. Bxe4 Bxe4 22. Qxg4 hxg4 23. Ne5 Rbc8 24. Nxg4 Rc7 25. Re1 Bf5 26. Ne3 Bg6 27. Red1 Rfc8 28. Rd8+ Rxd8 29. Rxd8+ Kh7 30. c3 Rc6 31. Ng4 Bf5 32. Ne5 Rc7 33. Nd4 Be4 34. Ng4 Bd5 35. Ne3 Be4 36. Kd2 e5 37. Ne2 f5 38. Ng3 Bb1 39. Ngxf5 Bxa2 40. Ng3 a5 41. Ne4 b4 42. h4 bxc3+ 43. bxc3 Bf7 44. Ng5+ Kg6 45. Rd6+ Kh5 46. Nxf7 Rxf7 47. Rd5 Kxh4 48. Rxe5 Ra7 49. Nf5+ Kg4 50. Re7 Rxe7 51. Nxe7 Kf4 52. c4 g5 53. c5 Ke5 54. Ke3 Ke6 55. Nc6 Kd5 56. Nxa5 Kxc5 57. Kf3 g4+ 58. Kxg4 1/2-1/2


[Site "https://www.chess.com"]

[Event "Titled Tuesday Blitz March 08 Early 2022"]
[White "Lazavik, Denis"]
[Black "Goryachkina, Aleksandra"]
[WhiteFideId "13515110"]
[BlackFideId "4147103"]
[WhiteElo "2437"]
[BlackElo "2426"]
[Result "1-0"]
[Round "02"]
[TimeControl "180+1"]
[Date "2022.03.08"]
[WhiteClock "0:00:08"]
[BlackClock "0:00:01"]

1. d4 Nf6 2. c4 e6 3. Nf3 d5 4. g3 Be7 5. Bg2 O-O 6. O-O dxc4 7. Qc2 a6 8. a4 Bd7 9. Qxc4 Bc6 10. Bg5 Nbd7 11. Nc3 h6 12. Bxf6 Nxf6 13. Rfd1 Bd6 14. Ne5 Bxg2 15. Kxg2 c6 16. a5 Qe7 17. Nd3 e5 18. dxe5 Bxe5 19. Nxe5 Qxe5 20. b4 Rad8 21. e3 Rfe8 22. Rac1 Qf5 23. Rd4 Rxd4 24. Qxd4 Ne4 25. f3 Ng5 26. Rf1 Re6 27. e4 Qh3+ 28. Kg1 Rf6 29. Qd8+ Kh7 30. Qd3 Ne6 31. f4 Kg8 32. e5 Rf5 33. Ne4 Rh5 34. Rf2 Qf5 35. Qf3 Qh3 36. Nd6 1-0


[Site "https://www.chess.com"]

[Event "Titled Tuesday Blitz March 08 Early 2022"]
[White "Le, Tuan Minh"]
[Black "Ruperez Benito, Antonio"]
[WhiteFideId "12401153"]
[BlackFideId "22245049"]
[WhiteElo "2450"]
[BlackElo "2249"]
[Result "1-0"]
[Round "02"]
[TimeControl "180+1"]
[Date "2022.03.08"]
[WhiteClock "0:01:54"]
[BlackClock "0:01:27"]

1. d4 d5 2. Nf3 Nf6 3. Bf4 Bf5 4. c4 e6 5. Nc3 c6 6. Qb3 Qb6 7. c5 Qxb3 8. axb3 Nbd7 9. b4 Nh5 10. Bd2 a6 11. h3 Nhf6 12. b5 cxb5 13. Nxb5 Rc8 14. Nc3 Be7 15. Bf4 O-O 16. e3 Ne4 17. Be2 h6 18. O-O g5 19. Bh2 f6 20. Nxe4 Bxe4 21. Nd2 Bg6 22. b4 f5 23. b5 axb5 24. Bxb5 Nf6 25. Ra7 Rf7 26. Rxb7 Bf8 27. Rxf7 Bxf7 28. Ba6 Ra8 29. Bb7 Ra2 30. Nf3 Be8 31. Ne5 Nd7 32. Nxd7 Bxd7 33. c6 Be8 34. c7 Bd7 35. c8=Q Bxc8 36. Bxc8 Kf7 37. Be5 h5 38. Rb1 g4 39. hxg4 hxg4 40. Rb7+ 1-0


[Site "https://www.chess.com"]

[Event "Titled Tuesday Blitz March 08 Early 2022"]
[White "Ljukin, Sergei"]
[Black "Ibraev, Vasilij"]
[WhiteFideId "14102200"]
[BlackFideId "4175190"]
[WhiteElo "2312"]
[BlackElo "2121"]
[Result "1-0"]
[Round "02"]
[TimeControl "180+1"]
[Date "2022.03.09"]
[WhiteClock "0:00:53"]
[BlackClock "0:00:18"]

1. e4 c5 2. Nf3 e6 3. d4 cxd4 4. Nxd4 a6 5. Bd3 Nf6 6. O-O Qc7 7. Qe2 d6 8. c4 Be7 9. Nc3 Nbd7 10. f4 b6 11. Bd2 Bb7 12. Rae1 Qc5 13. Qe3 Ng4 14. Qg3 Qxd4+ 15. Kh1 O-O 16. Rd1 Ngf6 17. Be3 Nh5 18. Qf3 Qf6 19. Qxh5 g6 20. Qh3 Qh4 21. Qxh4 Bxh4 22. Bc2 Be7 23. e5 Rfd8 24. exd6 Bf8 25. b4 Rac8 26. Bb3 Rc6 27. Ba4 Rxd6 28. Rxd6 Bxd6 29. Rd1 Bxb4 30. Bxd7 Bxc3 31. Bxb6 Ra8 32. c5 Bd5 33. c6 Bxa2 34. c7 Bd5 35. c8=Q+ Rxc8 36. Bxc8 1-0


[Site "https://www.chess.com"]

[Event "Titled Tuesday Blitz March 08 Early 2022"]
[White "Madaminov, Mukhiddin"]
[Black "Chigaev, Maksim"]
[WhiteFideId "14210703"]
[BlackFideId "4108116"]
[WhiteElo "1916"]
[BlackElo "2502"]
[Result "0-1"]
[Round "02"]
[TimeControl "180+1"]
[Date "2022.03.08"]
[WhiteClock "0:00:01"]
[BlackClock "0:00:07"]

1. d4 Nf6 2. Nc3 e6 3. Bf4 a6 4. e3 b5 5. Nf3 Bb7 6. Bd3 d6 7. a3 h6 8. e4 Nbd7 9. Qe2 c5 10. dxc5 Nxc5 11. O-O e5 12. Be3 Rc8 13. Rad1 Qc7 14. Nh4 Ncxe4 15. Nxe4 Nxe4 16. f4 d5 17. fxe5 Qxe5 18. Nf5 g6 19. Bxe4 dxe4 20. Qd2 Bc6 21. Bd4 Bc5 22. Bxc5 Qxc5+ 23. Nd4 Ba8 24. c3 Qg5 25. Qf2 O-O 26. Rde1 a5 27. Re3 Rce8 28. Rg3 e3 29. Qe2 Qe5 30. Re1 Qd5 31. Rf1 b4 32. axb4 axb4 33. Rd1 bxc3 34. bxc3 Qe4 35. Re1 Qb7 36. Rf1 Re5 37. Qc4 Rg5 38. Qe2 Rxg3 39. hxg3 Re8 40. Rf3 Qd5 41. Kh2 Bb7 42. Kg1 h5 43. Rf4 Qe5 44. Nf3 Qxc3 45. Rc4 Qa1+ 46. Kh2 Ba6 0-1


[Site "https://www.chess.com"]

[Event "Titled Tuesday Blitz March 08 Early 2022"]
[White "Madmaxfury1995"]
[Black "Gatterer, Florian"]
[BlackFideId "811688"]
[WhiteElo "2579"]
[BlackElo "2218"]
[Result "1-0"]
[Round "02"]
[TimeControl "180+1"]
[Date "2022.03.09"]
[WhiteClock "0:00:33"]
[BlackClock "0:00:38"]

1. e4 c5 2. Nf3 e6 3. d4 cxd4 4. Nxd4 Nc6 5. Nc3 Qc7 6. g3 a6 7. Bg2 Nf6 8. O-O Nxd4 9. Qxd4 Bc5 10. Qd3 h6 11. Bf4 e5 12. Be3 Bb4 13. Nd5 Nxd5 14. exd5 d6 15. c4 O-O 16. Rac1 Bc5 17. a3 a5 18. Qc3 b6 19. b4 axb4 20. axb4 Bxe3 21. Qxe3 Ra4 22. Qb3 Bd7 23. c5 bxc5 24. bxc5 dxc5 25. Rfe1 c4 26. Qc3 f6 27. Red1 Qd6 28. Ra1 Rfa8 29. Rxa4 Rxa4 30. Bf1 Qb4 31. Qe3 Qc5 32. Qxc5 1-0


[Site "https://www.chess.com"]

[Event "Titled Tuesday Blitz March 08 Early 2022"]
[White "Maevsky, Nikolay"]
[Black "Nguyen, Thi Minh Oanh"]
[WhiteFideId "4198220"]
[BlackFideId "12404080"]
[WhiteElo "2126"]
[BlackElo "1825"]
[Result "1-0"]
[Round "02"]
[TimeControl "180+1"]
[Date "2022.03.09"]
[WhiteClock "0:00:05"]
[BlackClock "0:00:02"]

1. d4 d5 2. Nf3 Nf6 3. e3 Bg4 4. Nbd2 c6 5. h3 Bh5 6. g4 Bg6 7. Ne5 Nbd7 8. h4 Be4 9. f3 Nxe5 10. dxe5 Nxg4 11. Nxe4 Nxe5 12. Ng3 e6 13. f4 Nd7 14. Bd2 Qb6 15. h5 Bc5 16. Qc1 h6 17. a3 a5 18. c4 Nf6 19. Be2 dxc4 20. Bxc4 O-O-O 21. Qc3 Rxd2 22. Kxd2 Bxe3+ 23. Kc2 Bxf4 24. Raf1 Be3 25. Kb1 Bd4 26. Qc2 Rd8 27. Ne2 Be5 28. Rd1 Re8 29. Rhf1 Ng4 30. Rxf7 Ne3 31. Qb3 Nxc4 32. Qxb6 Nxb6 33. b3 Nd5 34. Kc2 Re7 35. Rxe7 Nxe7 36. Kd3 Kc7 37. Ke4 Bf6 38. Nf4 e5 39. Ne6+ Kb6 40. Rd7 g6 41. hxg6 Nxg6 42. Kf5 e4 43. Kxg6 Bb2 44. a4 e3 45. Nf4 1-0


[Site "https://www.chess.com"]

[Event "Titled Tuesday Blitz March 08 Early 2022"]
[White "Makarian, Rudik"]
[Black "Martin Duque, Jesus"]
[WhiteFideId "44105681"]
[BlackFideId "2208954"]
[WhiteElo "2388"]
[BlackElo "2243"]
[Result "0-1"]
[Round "02"]
[TimeControl "180+1"]
[Date "2022.03.08"]
[WhiteClock "0:01:11"]
[BlackClock "0:01:55"]

1. e4 c5 2. Nf3 e6 3. g3 b6 4. Bg2 Bb7 5. Qe2 d6 6. O-O Nd7 7. d4 cxd4 8. Nxd4 Be7 9. c4 a6 10. b3 Rc8 11. Bb2 Qc7 12. Nc3 Ngf6 13. Rfd1 h5 14. h3 Qb8 15. Rac1 Ne5 16. f4 Ng6 17. f5 Nf8 18. Nd5 exd5 19. exd5 N8d7 20. Nc6 Bxc6 21. dxc6 Ne5 22. Re1 O-O 23. b4 b5 24. c5 Nxc6 25. Bxc6 Rxc6 26. Qxe7 Re8 27. Bxf6 Rxe7 28. Bxe7 dxc5 29. Kg2 c4 30. f6 gxf6 31. Bc5 Kg7 32. Rf1 a5 33. Rf4 Qa8 34. Kg1 axb4 35. Bxb4 Qxa2 36. Rcf1 Qb3 37. Ba5 b4 38. Bd8 c3 39. Bxf6+ Kg6 40. g4 c2 41. gxh5+ Kh7 42. Bg5 Qg3+ 43. Kh1 Qxh3+ 44. Kg1 Qg3+ 45. Kh1 Qxg5 46. Rxf7+ Kh6 47. Rf8 c1=Q 48. Kh2 Rc2+ 49. R1f2 Rxf2+ 0-1


[Site "https://www.chess.com"]

[Event "Titled Tuesday Blitz March 08 Early 2022"]
[White "Maksimovic, Bojan"]
[Black "Nozdrachev, Leonid"]
[WhiteFideId "14408120"]
[BlackFideId "24113433"]
[WhiteElo "2448"]
[BlackElo "2118"]
[Result "1-0"]
[Round "02"]
[TimeControl "180+1"]
[Date "2022.03.09"]
[WhiteClock "0:00:13"]
[BlackClock "0:00:19"]

1. e4 d6 2. d4 Nf6 3. Nc3 e5 4. Nf3 Nbd7 5. Bc4 Be7 6. O-O O-O 7. Re1 c6 8. a4 Qc7 9. h3 Re8 10. Be3 Nf8 11. Ba2 Ng6 12. Qd2 Rf8 13. Rad1 Nh5 14. Ne2 b6 15. d5 Bb7 16. dxc6 Bxc6 17. Nc3 Nhf4 18. Nb5 Qb7 19. Bxf4 Nxf4 20. Nxd6 Bxd6 21. Qxd6 Bxe4 22. Nxe5 Bxg2 23. Nxf7 Nxh3+ 24. Kh2 Qb8 25. Kxg2 Nf4+ 26. Kf3 Ng6 27. Kg2 Rxf7 28. Qxb8+ Rxb8 29. Rd7 Rf8 30. Rxf7 Rxf7 31. Re8+ Nf8 32. Re7 1-0


[Site "https://www.chess.com"]

[Event "Titled Tuesday Blitz March 08 Early 2022"]
[White "Mangialardo, Tiago Carvalho"]
[Black "Decuigniere, Tom"]
[WhiteFideId "2130718"]
[BlackFideId "26093820"]
[WhiteElo "2101"]
[BlackElo "1997"]
[Result "0-1"]
[Round "02"]
[TimeControl "180+1"]
[Date "2022.03.09"]
[WhiteClock "0:00:15"]
[BlackClock "0:00:13"]

1. e4 c5 2. Nf3 d6 3. Bb5+ Nd7 4. a4 a6 5. Bc4 e6 6. h3 Ngf6 7. Qe2 b6 8. O-O Bb7 9. d3 Be7 10. Bg5 Qc7 11. c3 O-O-O 12. Nbd2 h6 13. Bh4 g5 14. Bg3 Nh5 15. Bh2 Nf4 16. Bxf4 gxf4 17. d4 Rhg8 18. Bxa6 Nb8 19. Bxb7+ Qxb7 20. a5 b5 21. e5 Rg7 22. exd6 Bxd6 23. dxc5 Bxc5 24. Ne4 Be7 25. Kh1 Rdg8 26. Rg1 Na6 27. b4 Qd5 28. c4 Qf5 29. cxb5 Nxb4 30. Rac1+ Kb8 31. Nh2 Qd5 32. a6 f5 33. Nc3 Qa8 34. b6 Rxg2 35. b7 Rxg1+ 36. Rxg1 Rxg1+ 37. Kxg1 Qxa6 38. Qe5+ Kxb7 39. Qxf4 Qc6 40. Qxb4+ Bxb4 41. Ne2 Qc2 42. Nf4 Qd1+ 43. Nf1 Qd4 44. Ne2 Qb6 45. Nf4 Bc5 46. Nd3 Bxf2+ 47. Nxf2 e5 48. Kg2 e4 49. Nd1 Qg6+ 50. Kf2 f4 51. Ke2 e3 52. Ndxe3 fxe3 53. Nxe3 Qg3 54. Kf1 Qxh3+ 55. Ke2 Qe6 56. Kf3 h5 57. Ng2 Qf5+ 58. Kg3 Qg4+ 59. Kh2 h4 60. Ne3 Qg3+ 61. Kh1 Qxe3 0-1


[Site "https://www.chess.com"]

[Event "Titled Tuesday Blitz March 08 Early 2022"]
[White "Manukyan, Sargis A."]
[Black "Weetik, Vjacheslav"]
[WhiteFideId "13303970"]
[BlackFideId "4153472"]
[WhiteElo "2187"]
[BlackElo "2469"]
[Result "0-1"]
[Round "02"]
[TimeControl "180+1"]
[Date "2022.03.09"]
[WhiteClock "0:00:05"]
[BlackClock "0:00:05"]

1. d4 Nf6 2. c4 g6 3. Nc3 Bg7 4. Nf3 O-O 5. h3 d5 6. Bf4 c5 7. dxc5 Qa5 8. cxd5 Nxd5 9. Qxd5 Bxc3+ 10. Bd2 Bxd2+ 11. Qxd2 Qxc5 12. Rc1 Qb6 13. e3 Nc6 14. Be2 Rd8 15. Qc3 Be6 16. b3 Rd6 17. O-O Rad8 18. Rfd1 Rxd1+ 19. Rxd1 Rxd1+ 20. Bxd1 Qb4 21. Qb2 Bd5 22. Nd2 a5 23. a3 Qc5 24. Be2 e5 25. h4 Kg7 26. h5 f6 27. hxg6 hxg6 28. Bc4 b5 29. Bxd5 Qxd5 30. Qc3 Kf7 31. f3 Ke6 32. Kf2 f5 33. Ke2 b4 34. axb4 axb4 35. Qc2 Kd7 36. Qa2 Ke6 37. Qc2 Kd7 38. Nc4 Ke6 39. g4 e4 40. gxf5+ gxf5 41. f4 Ne7 42. Qa2 Qd3+ 43. Kf2 Qd5 44. Qa6+ Qc6 45. Qa5 Nd5 46. Qd8 Qd7 47. Qg8+ Qf7 48. Qc8+ Qd7 49. Qa6+ Ke7 50. Ne5 Qc7 51. Ng6+ Kf7 52. Ne5+ Ke7 53. Nc4 Qc5 54. Qh6 Nf6 55. Qg7+ Ke6 56. Ke2 Qd5 57. Qb7 Qxb7 58. Ne5 Qd5 59. Nc4 Qd3+ 60. Kf2 Qxb3 0-1


[Site "https://www.chess.com"]

[Event "Titled Tuesday Blitz March 08 Early 2022"]
[White "Marcinczyk, Monika"]
[Black "Vivas Zamora, Fabian Ernesto"]
[WhiteFideId "1192051"]
[BlackFideId "3902480"]
[WhiteElo "1783"]
[BlackElo "1966"]
[Result "1-0"]
[Round "02"]
[TimeControl "180+1"]
[Date "2022.03.09"]
[WhiteClock "0:00:08"]
[BlackClock "0:00:01"]

1. e4 e5 2. Nf3 Nc6 3. Bb5 Nf6 4. d3 Bc5 5. O-O d5 6. exd5 Qxd5 7. Nc3 Qd6 8. Nxe5 O-O 9. Nxc6 bxc6 10. Bc4 Re8 11. Qf3 Bg4 12. Qg3 Qxg3 13. hxg3 Nh5 14. Ne4 Bb6 15. a4 a5 16. Bd2 Kf8 17. Kh2 Rad8 18. Bc3 h6 19. f3 Bf5 20. g4 Bxe4 21. dxe4 Nf4 22. Rad1 c5 23. Kg3 g5 24. Rxd8 Rxd8 25. Rh1 c6 26. Rxh6 1-0


[Site "https://www.chess.com"]

[Event "Titled Tuesday Blitz March 08 Early 2022"]
[White "Matinian, Nikita"]
[Black "Taichman, Ori"]
[WhiteFideId "24129100"]
[BlackFideId "2804069"]
[WhiteElo "2422"]
[BlackElo "2227"]
[Result "0-1"]
[Round "02"]
[TimeControl "180+1"]
[Date "2022.03.09"]
[WhiteClock "0:00:03"]
[BlackClock "0:00:17"]

1. e4 c5 2. Nc3 Nc6 3. Bb5 Nd4 4. Nf3 Nxb5 5. Nxb5 d5 6. exd5 a6 7. Nc3 Nf6 8. d4 c4 9. Qe2 Nxd5 10. Qxc4 Be6 11. Ng5 Qc8 12. Qxc8+ Rxc8 13. Nxe6 Nxc3 14. Nxf8 Nb5 15. c3 Rxf8 16. a4 Nd6 17. O-O e6 18. a5 Kd7 19. Re1 Rc4 20. Bd2 Rc6 21. Ra4 b5 22. axb6 Rxb6 23. Bc1 Rc8 24. Re5 Rc4 25. Rea5 Rxa4 26. Rxa4 Kc6 27. g4 Kb5 28. b3 Ne4 29. c4+ Kc6 30. b4 Kb7 31. Be3 Nc3 32. Ra3 Ne4 33. Rb3 a5 34. b5 Nd6 35. d5 exd5 36. Bxb6 dxc4 37. Ra3 Kxb6 38. Kf1 Nxb5 39. Ra1 Nd4 40. Rb1+ Kc5 41. Ke1 c3 42. Rb8 Kc4 43. Kd1 Kd3 44. Rd8 a4 45. Kc1 a3 46. Kb1 c2+ 47. Kc1 a2 48. Ra8 Ne2+ 49. Kb2 c1=Q+ 0-1


[Site "https://www.chess.com"]

[Event "Titled Tuesday Blitz March 08 Early 2022"]
[White "Maung, Maung Kyaw Zaw Hein"]
[Black "Estrada Nieto, Julian"]
[WhiteFideId "13001698"]
[BlackFideId "5101018"]
[WhiteElo "1785"]
[BlackElo "2246"]
[Result "0-1"]
[Round "02"]
[TimeControl "180+1"]
[Date "2022.03.09"]
[WhiteClock "0:01:59"]
[BlackClock "0:02:11"]

1. Nf3 d5 2. d4 Nf6 3. c4 dxc4 4. Nc3 a6 5. a4 Nc6 6. e4 Bg4 7. Be3 e6 8. Bxc4 Bb4 9. e5 Nd5 10. Bxd5 Qxd5 11. O-O Bxc3 12. bxc3 Bxf3 13. gxf3 Na5 14. Qd3 O-O 15. Rab1 Nc4 16. Rb4 Nxe5 17. Qe4 Nxf3+ 0-1


[Site "https://www.chess.com"]

[Event "Titled Tuesday Blitz March 08 Early 2022"]
[White "Mayaud, Raphael"]
[Black "Kosteniuk, Alexandra"]
[WhiteFideId "627151"]
[BlackFideId "4128125"]
[WhiteElo "2191"]
[BlackElo "2469"]
[Result "0-1"]
[Round "02"]
[TimeControl "180+1"]
[Date "2022.03.09"]
[WhiteClock "0:00:05"]
[BlackClock "0:01:12"]

1. d4 Nf6 2. Bg5 Ne4 3. Bf4 g5 4. Be5 f6 5. e3 h5 6. Be2 g4 7. Bf4 d5 8. f3 Nd6 9. fxg4 Nc4 10. gxh5 c5 11. Bxc4 dxc4 12. d5 Bf5 13. Nc3 Qb6 14. e4 Qxb2 15. Nge2 Bc8 16. Rb1 Qa3 17. Nb5 Qa5+ 18. Qd2 Qxd2+ 19. Kxd2 Na6 20. Ke3 Rxh5 21. Ng3 Rh4 22. Nc7+ Nxc7 23. Bxc7 Bh6+ 24. Kf3 b6 25. Rhe1 Bg4+ 26. Kf2 Kd7 27. h3 Kxc7 28. hxg4 Rxg4 29. e5 Rag8 30. Nf5 Rxg2+ 31. Kf3 Bf8 32. exf6 exf6 33. d6+ Bxd6 34. Nxd6 Kxd6 35. Rbd1+ Kc6 36. Re6+ Kb5 37. Rxf6 Rxc2 38. Kf4 Rf2+ 39. Ke5 Re8+ 40. Re6 Re2+ 0-1


[Site "https://www.chess.com"]

[Event "Titled Tuesday Blitz March 08 Early 2022"]
[White "McCoy, Owen"]
[Black "Hartikainen, Jarmo"]
[WhiteFideId "30924502"]
[BlackFideId "503134"]
[WhiteElo "2409"]
[BlackElo "2104"]
[Result "0-1"]
[Round "02"]
[TimeControl "180+1"]
[Date "2022.03.09"]
[WhiteClock "0:00:14"]
[BlackClock "0:00:20"]

1. d4 Nf6 2. c4 g6 3. Nc3 d5 4. cxd5 Nxd5 5. e4 Nxc3 6. bxc3 Bg7 7. Nf3 O-O 8. Be3 c5 9. Be2 Nc6 10. O-O cxd4 11. cxd4 b6 12. d5 Na5 13. Qd2 Bb7 14. Bh6 Qd6 15. Rad1 Rac8 16. e5 Qd7 17. Bxg7 Kxg7 18. Qd4 Kg8 19. Qh4 f6 20. d6 Rf7 21. Rfe1 Rc5 22. dxe7 Qxe7 23. exf6 Qxf6 24. Qxf6 Rxf6 25. Rd8+ Rf8 26. Red1 Rxd8 27. Rxd8+ Kg7 28. h4 Rc7 29. Ng5 Re7 30. Bf3 h6 31. Bxb7 Nxb7 32. Nf3 Nxd8 33. g4 Nc6 34. Kg2 b5 35. Kg3 a5 0-1


[Site "https://www.chess.com"]